 Dungeon Crawl Stone Soup version 0.26-a0-1049-g242049e08c (webtiles) character file.

Game seed: 5168338120294895349

29 Baldric the Slasher (level 3, -2/43 HPs)
             Began as a Human Berserker on Dec 12, 2020.
             Was a Follower of Trog.
             Slain by a white imp (3 damage)
             ... summoned by Natasha
             ... on level 2 of the Dungeon.
             The game lasted 00:05:10 (908 turns).

Baldric the Slasher (Human Berserker)                Turns: 908, Time: 00:05:10

Health: -2/43      AC: 10    Str: 17    XL:     3   Next: 32%
Magic:  3/3        EV:  4    Int:  8    God:    Trog [*.....]
Gold:   46         SH:  0    Dex: 12    Spells: 2/2 levels left

rFire    . . .     SeeInvis .   a - +0 falchion
rCold    . . .     Faith    .   (no shield)
rNeg     . . .     Spirit   .   i - +0 plate armour
rPois    .         Reflect  .   (no helmet)
rElec    .         Harm     .   (no cloak)
rCorr    .         Rampage  .   (no gloves)
Will     .....     Rnd*Tele +   (no boots)
Stlth    ..........             (no amulet)
HPRegen  0.14/turn              j - ring of teleportation (curse)
MPRegen  0.08/turn              (no ring)

@: berserking, heavily drained, very quick
A: no striking features
a: Berserk, Renounce Religion


You were on level 2 of the Dungeon.
You worshipped Trog.
Trog was aware of your devotion.
You visited 1 branch of the dungeon, and saw 2 of its levels.

You collected 46 gold pieces.

Inventory:

Hand Weapons
 a - a +0 falchion (weapon)
 k - a +1 short sword of draining
Armour
 b - a +0 animal skin
 e - a +0 scale mail
 i - a +0 plate armour (worn)
Jewellery
 j - a cursed ring of teleportation (left hand)
Wands
 l - a wand of digging (4)
Scrolls
 f - a scroll of enchant armour {unknown}
 g - 2 scrolls of remove curse {unknown}
 m - a scroll of teleportation {unknown}
 n - a scroll of blinking {unknown}
Potions
 c - a potion of invisibility {unknown}
 d - a potion of flight {unknown}
 h - a potion of curing {unknown}


   Skills:
 + Level 3.1(0.4) Fighting
 + Level 3.7(0.9) Long Blades
 + Level 2.3(0.0) Armour
 + Level 2.2(0.0) Dodging
 + Level 0.2(0.0) Stealth


You had 2 spell levels left.
You didn't know any spells.
Your spell library was empty.

Dungeon Overview and Level Annotations

Branches:
Dungeon (2/15)

Altars:
Wu Jian

Annotations:
D:2 Natasha


Message History

Unknown command.
A red film seems to cover your vision as you go berserk!
You feel yourself moving faster!
You feel mighty!
The frilled lizard bites you but does no damage.
Natasha wildly gestures.
Natasha glows brightly for a moment.
Natasha claws you but does no damage. The white imp gestures at you.
The puff of frost hits you!
* * * LOW HITPOINT WARNING * * *
The crimson imp hits you but does no damage.
The white imp gestures at you. The puff of frost hits you!
* * * LOW HITPOINT WARNING * * *
Your plate armour prevents you from hitting Natasha.
The frilled lizard bites you but does no damage.
Natasha barely misses you.
The crimson imp hits you but does no damage.
The white imp hits you.
You die...

####.#.###.# #
#.# #.# #.# #.#
#.#
#######.####
...........#
.....#5@5#.#
......5lh......
.....#...#.####
.....#..##.#
##.. ...# #
###..... .##'#
#. ...


You could see Natasha, a crimson imp (summoned), 2 white imps and a frilled
lizard.

Vanquished Creatures
  A worm (D:2)
  2 dart slugs
  A ball python (D:1)
  3 giant cockroaches (D:1)
  4 goblins
  2 hobgoblins
  2 bats (D:1)
  A frilled lizard (D:2)
  3 kobolds
  2 rats
21 creatures vanquished.

Notes
Turn   | Place    | Note
-------+----------+-------------------------------------------
     0 | D:1      | Baldric the Human Berserker began the quest for the Orb.
     0 | D:1      | Reached XP level 1. HP: 18/18 MP: 1/1
     0 | D:1      | Noticed a felid
     0 | D:1      | Noticed a dwarf
     1 | D:1      | Noticed a formicid
     1 | D:1      | Noticed a felid
     5 | D:1      | Noticed a felid
     6 | D:1      | Noticed an octopode
     9 | D:1      | Noticed a ghoul
    13 | D:1      | Noticed a human
    15 | D:1      | Noticed a centaur
    16 | D:1      | Noticed a vine stalker
    18 | D:1      | Noticed a human
    20 | D:1      | Noticed a draconian
    20 | D:1      | Noticed an elf
    20 | D:1      | Noticed a naga
    22 | D:1      | Noticed a vine stalker
    96 | D:1      | Reached XP level 2. HP: 19/24 MP: 2/2
   650 | D:2      | Found an ornate altar of the Wu Jian Council.
   700 | D:2      | Reached XP level 3. HP: 12/29 MP: 3/3
   898 | D:2      | Noticed Natasha
   907 | D:2      | HP: 1/43 [white imp/puff of frost[Natasha] (8)]
   908 | D:2      | Slain by a white imp

Illustrated notes

Levels and vault maps discovered:
D:1:      shiori_arrival_whats_in_store_for_you, layout_basic
D:2:      layout_loops_corners, lemuel_round_altar,
          chequers_serial_rivers_marsh, serial_park_tiny_2, hex_tiny,
          uniq_terence, uniq_crazy_yiuf_cottage, uniq_natasha

Action                   || total
-------------------------++-------
Melee: Falchion          ||    70
Invok: Berserk           ||     1
Armor: Animal skin       ||     2
       Plate armour      ||    44
       Scale mail        ||     7
Dodge: Dodged            ||    20
       Rpst.: Falchion   ||     4

Table legend: (Time is in decaauts)
 A = Elapsed time spent in this place.
 B = Non-inter-level travel time spent in this place.
 C = Inter-level travel time spent in this place.
 D = Time resting spent in this place.
 E = Time spent auto-exploring this place.
 F = Levels seen in this place.
 G = Mean time per level.
                   A        B        C        D        E       F      G
               +--------+--------+--------+--------+--------+-----+--------+
         Total |    920 |    918 |      2 |      0 |      0 |   2 |  460.0 |
       Dungeon |    920 |    918 |      2 |      0 |      0 |   2 |  460.0 |
               +--------+--------+--------+--------+--------+-----+--------+

Top non-repeatable levels by time:
     D:1: 652 daAuts
     D:2: 268 daAuts
